 Dungeon Crawl Stone Soup version 0.28.0 (webtiles) character file.

Game seed: 8817369101214049206

31 olourkin the Sneak (level 3, 0/16 HPs)
             Began as a Spriggan Enchanter on Feb 5, 2022.
             Succumbed to an adder's poison
             ... on level 2 of the Dungeon.
             The game lasted 00:08:15 (1814 turns).

olourkin the Sneak (Spriggan Enchanter)             Turns: 1814, Time: 00:08:15

Health: 0/16       AC:  2    Str:  4    XL:     3   Next: 7%
Magic:  1/8        EV: 17    Int: 18    God:
Gold:   84         SH:  0    Dex: 15    Spells: 5/7 levels left

rFire   . . .      SeeInvis +   a - +1 dagger
rCold   . . .      Faith    .   (no shield)
rNeg    . . .      Spirit   .   b - +0 robe
rPois   .          Reflect  .   (helmet restricted)
rElec   .          Harm     .   (no cloak)
rCorr   .          Rampage  .   (gloves unavailable)
Will    .....                   (boots unavailable)
Stlth   +++.......              (no amulet)
HPRegen 0.05/turn               (no ring)
MPRegen 0.11/turn               (no ring)

@: lethally poisoned (0 -> -7), very slightly contaminated, invisible, very
quick
A: very small, no large weapons, unfitting armour, see invisible, speed 3
a: no special abilities


You were on level 2 of the Dungeon.
You visited 1 branch of the dungeon, and saw 2 of its levels.

You collected 84 gold pieces.

Inventory:

Hand Weapons
 a - a +1 dagger (weapon)
Missiles
 f - 20 arrows
Armour
 b - a +0 robe (worn)
Scrolls
 d - a scroll of teleportation {unknown}
 e - a scroll of magic mapping
 g - a scroll of identify {unknown}
Potions
 c - a potion of invisibility


   Skills:
 + Level 2.2 Short Blades
 - Level 2.6 Dodging
 + Level 4.9 Stealth
 - Level 2.6 Spellcasting
 + Level 4.2 Hexes


You had 5 spell levels left.
You knew the following spells:

 Your Spells              Type           Power      Damage    Failure   Level
a - Ensorcelled Hibernat  Hex/Ice        20%        N/A       11%         2

Your spell library contained the following spells:

 Spells                   Type           Power      Damage    Failure   Level
 Confusing Touch          Hex            17%        N/A       9%          3
 Tukima's Dance           Hex            17%        N/A       9%          3
 Dazzling Flash           Conj/Hex       20%        N/A       22%         3


Dungeon Overview and Level Annotations

Branches:
Dungeon (2/15)

Altars:


Innate Abilities, Weirdness & Mutations

You are very small and have problems with some larger weapons.
You are too small for most types of armour.
You have supernaturally acute eyesight. (SInv)
You cover ground extremely quickly. (Speed+++)


Message History

Aim: a hobgoblin (moderately wounded, chance to affect: 62%)
You miscast Ensorcelled Hibernation.
You are very lightly contaminated with residual magic.
Nothing appears to happen.
The hobgoblin completely misses you.
You hit the hobgoblin.
The hobgoblin is severely wounded.
You closely miss the hobgoblin.
The hobgoblin is severely wounded.
The hobgoblin closely misses you.
You hit the hobgoblin.
You kill the hobgoblin!
Casting: Ensorcelled Hibernation (safe; 11% risk of failure)
Confirm with . or Enter, or press ? or * to list all spells.
Aiming: Ensorcelled Hibernation (safe; 11% risk of failure)
Press: ? - help, Shift-Dir - straight line, f - adder
Aim: an adder (chance to affect: 52%)
The adder resists with significant effort.
The adder bites you.
You are poisoned.
The adder poisons you!
Casting: Ensorcelled Hibernation (safe; 11% risk of failure)
Confirm with . or Enter, or press ? or * to list all spells.
Aiming: Ensorcelled Hibernation (safe; 11% risk of failure)
Press: ? - help, Shift-Dir - straight line, f/p - adder
Aim: an adder (chance to affect: 52%)
The adder resists with significant effort.
You feel sick. The adder barely misses you.
You miss the adder.
You feel sick. The adder completely misses you. The adder bites you.
* * * LOW HITPOINT WARNING * * *
You are lethally poisoned!
The adder poisons you!
You fade into invisibility!
* * * LOW HITPOINT WARNING * * *
You feel sick. The adder closely misses you.
* * * LOW HITPOINT WARNING * * *
You feel sick.
As you read the scroll labelled PEVAXA QIMURAG, it crumbles to dust.
You feel aware of your surroundings.
It was a scroll of magic mapping.
You die...

*,,,,*,***,,,,,,,,,**,,,
*,,,,#.##*****,,,****,,,
####g...#.>.,,,,,,,,,,,,,,,
#......<#..#*****,*,****,,,
#....S.,#..# *,#,* *,,,
#.g...###..######.#,* *,,,
#.................#,* ****
*...............###,*******
*#.#****#.@S†.....?,,,,,,,,
#.######.#########,*******
#....)....# *,,,,,,,,
#..<......# *********
#.........#####
#.............#
#.............#
###......#.#....#
#..........#.>..##########


You could see an adder.

Vanquished Creatures
  A worm (D:2)
  2 bats (D:1)
  3 endoplasms
  2 goblins
  2 hobgoblins
  5 kobolds
  2 quokkas
  3 ball pythons (D:1)
  2 frilled lizards
  4 rats
26 creatures vanquished.

Notes
Turn   | Place    | Note
-------+----------+-------------------------------------------
     0 | D:1      | olourkin the Spriggan Enchanter began the quest for the
                  | Orb.
     0 | D:1      | Reached XP level 1. HP: 9/9 MP: 5/5
   375 | D:1      | Reached XP level 2. HP: 13/13 MP: 6/6
   411 | D:1      | Found a faded altar of an unknown god.
   757 | D:1      | Learned a level 2 spell: Ensorcelled Hibernation
  1674 | D:2      | Reached XP level 3. HP: 16/16 MP: 8/8
  1814 | D:2      | Succumbed to an adder's poison

Illustrated notes

Levels and vault maps discovered:
D:1:      lightli_arrival_statuegarden, layout_basic,
          ebering_ecumenical_altar_hall
D:2:      layout_basic, minmay_misc_feat_more_columns

Skill      XL: |  1  2 |
---------------+-------+-----
Hexes          | 4 |  4.2
Short Blades   | 2 |  2.2
Dodging        | |  2.6
Stealth        | |  4.9
Spellcasting   | |  2.6

Action                   || total
-------------------------++-------
Melee: Dagger            ||    70
 Cast: Ensorcelled Hiber ||    17
  Use: Scroll            ||     1
       Potion            ||     1
 Stab: Sleeping          ||    14
Armor: Robe              ||     7
Dodge: Dodged            ||    42
